 Dungeon Crawl Stone Soup version 0.28.0-61-g67df4f89a8 (webtiles) character file.

Game seed: 10091785238100445187

81 AarnesTheHuman the Chopper (level 4, 0/40 HPs)
             Began as a Hill Orc Fighter on Feb 13, 2023.
             Killed from afar by Sigmund (4 damage)
             ... with a magic dart
             ... on level 2 of the Dungeon.
             The game lasted 00:01:31 (1619 turns).

AarnesTheHuman the Chopper (Hill Orc Fighter)       Turns: 1619, Time: 00:01:31

Health: 0/40       AC:  8    Str: 20    XL:     4   Next: 40%
Magic:  4/4        EV:  9    Int:  8    God:
Gold:   27         SH:  4    Dex: 10    Spells: 3/3 levels left

rFire   . . .      SeeInvis .   a - +0 war axe
rCold   . . .      Faith    .   c - +0 buckler
rNeg    . . .      Spirit   .   b - +0 scale mail
rPois   .          Reflect  .   (no helmet)
rElec   .          Harm     .   (no cloak)
rCorr   .          Rampage  .   (no gloves)
Will    .....                   h - +0 pair of boots
Stlth   ..........              (no amulet)
HPRegen 0.13/turn               (no ring)
MPRegen 0.09/turn               (no ring)

@: brilliant, on berserk cooldown, slowed, very slow
A: no striking features
a: no special abilities


You were on level 2 of the Dungeon.
You visited 1 branch of the dungeon, and saw 2 of its levels.

You collected 27 gold pieces.

Inventory:

Hand Weapons
 a - a +0 war axe (weapon)
 e - a +0 fustibalus
 i - a +2 dagger of speed
Missiles
 g - 3 javelins (quivered)
 j - 28 stones
Armour
 b - a +0 scale mail (worn)
 c - a +0 buckler (worn)
 h - a +0 pair of boots (worn)
Jewellery
 m - a ring of ice
Scrolls
 f - a scroll of teleportation {unknown}
Potions
 d - a potion of might


   Skills:
 + Level 4.2 Fighting
 * Level 4.3 Axes
 + Level 3.8 Armour
 + Level 3.8 Shields


You had 3 spell levels left.
You didn't know any spells.
Your spell library contained the following spells:

 Spells                   Type           Power      Damage    Failure   Level
 Animate Skeleton         Necr           0%         N/A       85%         1
 Apportation              Tloc           0%         N/A       85%         1
 Summon Small Mammal      Summ           0%         N/A       85%         1


Dungeon Overview and Level Annotations

Branches:
Dungeon (2/15)

Altars:

Annotations:
D:2 Sigmund


Message History

The giant cockroach is moderately wounded.
You feel less confused.
The giant cockroach bites you but does no damage. x2
Sigmund barely misses you.
It was a potion of brilliance.
You feel clever all of a sudden. You block the giant cockroach's attack.
Sigmund casts a spell.
Sigmund flickers and vanishes!
Deactivating autopickup; reactivate with Ctrl-A.
The giant cockroach bites you.
You hit the giant cockroach.
The giant cockroach is severely wounded.
The giant cockroach bites you but does no damage.
Something hits you but does no damage. The giant cockroach barely misses you.
Something hits you.
You slash the giant cockroach!
You kill the giant cockroach!
Something hits you but does no damage. Something hits you.
You see here a giant cockroach corpse.
You slash something! Something hits you!
You miss something. Something hits you but does no damage. Something hits you.
You slash something! Something hits you.
You closely miss something.
You hear some strange, mumbled words.
A puff of flame appears from out of thin air!
The puff of flame misses you.
You hear some strange, mumbled words.
A magic dart appears from out of thin air!
The magic dart hits you.
You completely miss something. Something hits you but does no damage.
You closely miss something. Something hits you. Something hits you!
* * * LOW HITPOINT WARNING * * *
You miss something. Something hits you but does no damage.
You miss something.
You hear some strange, mumbled words.
A magic dart appears from out of thin air!
The magic dart hits you.
You die...

... #<....# ######## ..#
#.#.######.....# ..#
...#......#.....#
..###########..........#
...........##.......####
......................#
.......†..............#
......####....##.##...#
....####......##@##...#
....# #...#####{######
....# #...# #.# .####
#...# ... .# #...# .....
.# #...# #...... ...
....# #....... ....
......... .....
=..#.≈≈..≈≈


There were no monsters in sight!

Vanquished Creatures
  Jessica (D:2)
  An adder (D:2)
  A worm (D:2)
  3 dart slugs
  4 endoplasms
  3 giant cockroaches
  3 goblins (D:1)
  2 hobgoblins
  8 kobolds
  2 quokkas (D:1)
  5 bats
  A frilled lizard (D:1)
  2 rats
36 creatures vanquished.

Notes
Turn   | Place    | Note
-------+----------+-------------------------------------------
     0 | D:1      | AarnesTheHuman the Hill Orc Fighter began the quest for the
                  | Orb.
     0 | D:1      | Reached XP level 1. HP: 19/19 MP: 1/1
   119 | D:1      | Reached XP level 2. HP: 21/27 MP: 2/2
   589 | D:1      | Found a faded altar of an unknown god.
   677 | D:1      | Reached XP level 3. HP: 30/33 MP: 3/3
  1104 | D:2      | Noticed Jessica
  1109 | D:2      | Killed Jessica
  1110 | D:2      | Reached XP level 4. HP: 18/40 MP: 4/4
  1600 | D:2      | Noticed Sigmund
  1619 | D:2      | Killed from afar by Sigmund

Illustrated notes

Levels and vault maps discovered:
D:1:      erik_arrival_triangle_medium, layout_loops_ring,
          shapermc_ecumenical_altar_acropolis
D:2:      cheibrodos_greedy_goblins, layout_basic, chequers_serial_rivers_marsh,
          uniq_jessica, uniq_sigmund

Skill      XL: |  1  2  3 |
---------------+----------+-----
Axes           | 3 4 |  4.3
Fighting       | 4 |  4.2
Armour         | |  3.8
Shields        | |  3.8

Action                   |  1- 3 |  4- 6 || total
-------------------------+-------+-------++-------
Melee: War axe           |    71 |    38 ||   109
  Use: Potion            |       |     2 ||     2
Armor: Scale mail        |    23 |    23 ||    46
Dodge: Dodged            |    40 |    18 ||    58
Block: Buckler           |    13 |     4 ||    17
